AoeStats
← Silentkill921

Pilgrims

508471512Analyzed
2v2 RM · 11d ago on Sep 22, 2026· 17m 54s· 4 players
Game mode
Random Map
Map size
Medium (4 player)
Population
200
Speed
Normal
Resources
Standard
Victory
Conquest
Starting age
Dark Age
Ending age
Imperial Age
RankedLock teamsTeams togetherTeam positionsShared explorationLock speedFull tech treeHidden civsTurbo modeCheats
Victory
Defeat
🇩🇪 Saxons · Germany
873
+15
🇩🇪 Varangians · Germany
831
+16
🇺🇦 Varangians · Ukraine
888
-17
🇺🇸 Italians · United States
811
-37
Silentkill921
13:21 Feudal Age
14:08 Fishing Lines
Alogib
9:59 Feudal Age
9:51 Loom
10:24 Fishing Lines
10:34 Double-Bit Axe
19:39 Castle Age
17:51 Fletching
baeda-frank-tsg
3:57 Loom
11:25 Feudal Age
12:21 Double-Bit Axe
12:19 Fishing Lines
18:17 Castle Age
17:07 Horse Collar
18:24 Wheelbarrow
18:00 Fletching
madmax
3:38 Loom
12:33 Feudal Age
13:32 Double-Bit Axe
14:45 Horse Collar
17:02 Fletching
20:13 Castle Age
Connection lost

Rejoining the realm…

Still unreachable

The connection could not be restored.

Session expired

The server has moved on; the page needs a fresh start.